AoeStats
← HT229

Four Lakes

510249069Analyzed
1v1 RM · 1d ago on Sep 30, 2026· 28m 12s· 2 players
Game mode
Random Map
Map size
Tiny (2 player)
Population
200
Speed
Normal
Resources
Standard
Victory
Conquest
Starting age
Dark Age
Ending age
Imperial Age
RankedLock teamsTeams togetherTeam positionsShared explorationLock speedFull tech treeHidden civsTurbo modeCheats
Victory
Defeat
🇮🇹 Burgundians · Italy
1822
+21
🇻🇳 Persians · Vietnam
1934
-21
SiMpSoN
5:20 Double-Bit Axe
9:11 Loom
11:17 Feudal Age
12:41 Bow Saw
15:02 Castle Age
14:13 Gold Mining
14:21 Fishing Lines
17:10 Gillnets
17:41 Scale Barding Armor
17:37 Cavalier
18:46 Husbandry
20:08 Forging
23:10 Iron Casting
22:52 Horse Collar
25:22 Chain Barding Armor
27:18 Wheelbarrow
HT229
9:31 Feudal Age
10:07 Double-Bit Axe
10:11 Fishing Lines
13:48 Loom
16:32 Castle Age
14:57 Fletching
16:48 Gillnets
17:02 Bodkin Arrow
17:18 Bow Saw
17:25 Bloodlines
17:16 Husbandry
20:09 Scale Barding Armor
20:15 Forging
27:19 Chain Barding Armor
Connection lost

Rejoining the realm…

Still unreachable

The connection could not be restored.

Session expired

The server has moved on; the page needs a fresh start.